 Dungeon Crawl Stone Soup version 0.18-a0-1211-g828307d (webtiles) character file.

136 wvc the Ducker (level 5, 0/32 HPs)
             Began as a Tengu Wanderer on Feb 2, 2016.
             Killed from afar by an orc wizard (6 damage)
             ... with a magic dart
             ... on level 3 of the Dungeon.
             The game lasted 00:03:25 (1471 turns).

wvc the Ducker (Tengu Wanderer)                     Turns: 1471, Time: 00:03:25

Health: 0/32       AC:  9    Str: 13    XL:     5   Next: 19%
Magic:  6/6        EV:  6    Int: 13    God:
Gold:   112        SH:  4    Dex: 13    Spells: 0 memorised, 4 levels left

rFire  . . .     SeeInvis .     a - +2 mace
rCold  . . .     Gourm    .     p - +0 chain mail
rNeg   . . .     Faith    .     c - +0 buckler
rPois  .         Spirit   .     (helmet restricted)
rElec  .         Dismiss  .     (no cloak)
rCorr  .         Reflect  .     (no gloves)
SustAt .         Harm     .     (boots unavailable)
MR     +....                    (no amulet)
Stlth  ..........               (no ring)
                                j - ring of protection from magic

@: lethally poisoned (0 -> -3), somewhat resistant to hostile enchantments,
extremely unstealthy
A: beak, talons 3, able to fly 1
a: Fly


You were on level 3 of the Dungeon.
You were not hungry.

You visited 1 branch of the dungeon, and saw 3 of its levels.

You collected 112 gold pieces.

Inventory:

Hand Weapons
 a - a +2 mace (weapon)
Missiles
 i - 7 javelins (quivered)
Armour
 c - a +0 buckler (worn)
 d - a +0 robe
 n - a +0 plate armour
 p - a +0 chain mail (worn)
 q - a +1 robe of the Archmagi
Jewellery
 j - a ring of protection from magic (left hand)
Scrolls
 e - 2 scrolls of fog {unknown}
 g - 2 scrolls of remove curse {unknown}
 k - 2 scrolls of teleportation {unknown}
 m - a scroll of identify {unknown}
Potions
 b - 3 potions of curing
 l - a potion of ambrosia {unknown}
 o - a potion of poison {unknown}
 r - a potion of brilliance {unknown}
 s - a potion of cancellation {unknown}
Comestibles
 f - 2 bread rations
 h - 3 beef jerkies
 t - a chunk of flesh


   Skills:
 - Level 3.0 Fighting
 + Level 3.2 Maces & Flails
   Level 1.1 Crossbows
 - Level 1.0 Throwing
 - Level 3.2 Armour
 + Level 4.0 Dodging
 - Level 1.0 Shields


You had 4 spell levels left.
You didn't know any spells.

Dungeon Overview and Level Annotations

Branches:
Dungeon (3/15)

Altars:


Innate Abilities, Weirdness & Mutations

You have a beak for a mouth.
You have claws for feet.
You can fly.


Message History

The adder is heavily wounded.
You block the adder's attack. The orc hits you but does no damage.
The adder bites you.
You are poisoned.
The adder poisons you!
You sock the adder!
You kill the adder!
Your Dodging skill increases to level 4!
You feel sick. The orc hits you but does no damage.
The orc hits you with a hand axe.
You closely miss the orc. You peck the orc, but do no damage.
The orc hits you but does no damage. You block the orc's attack.
You closely miss the orc.
You feel sick. Something hits you but does no damage.
The orc hits you from afar with a trident.
* * * LOW HITPOINT WARNING * * *
The orc hits you but does no damage.
You hear some strange, mumbled words.
A magic dart appears from out of thin air!
The magic dart hits you!
You die...

####. ..?.
..#. ...# #
...# #..# .#
#..###..##.#
#..#......#
#....#..###.
#.oo........
#.#†##.#.##.
#....#@# #
........o....#
#####.###..###
.. #... ...
#.#.. #..
#.#### #.. ..#
.##


You could see 3 orcs.

Vanquished Creatures
  Ijyb (D:2)
  Jessica (D:2)
  3 adders
  A worm (D:2)
  2 giant geckos
  4 bats
  6 giant cockroaches
  4 goblins
  8 hobgoblins
  4 jackals (D:2)
  5 kobolds
  A quokka (D:2)
  A giant newt (D:1)
  6 rats
47 creatures vanquished.

Notes
Turn   | Place    | Note
--------------------------------------------------------------
     0 | D:1      | wvc the Tengu Wanderer began the quest for the Orb.
     0 | D:1      | wvc set off with: a +2 mace, a potion of curing, a +0 buckler, a +0 robe, a bread ration
     0 | D:1      | Reached XP level 1. HP: 14/14 MP: 2/2
   117 | D:1      | Reached XP level 2. HP: 10/19 MP: 3/3
   131 | D:1      | Reached skill level 1 in Dodging
   710 | D:1      | Reached XP level 3. HP: 21/23 MP: 4/4
   888 | D:2      | Noticed Jessica
   894 | D:2      | Killed Jessica
   894 | D:2      | Reached XP level 4. HP: 25/28 MP: 5/5
  1372 | D:2      | Noticed Ijyb
  1386 | D:2      | Killed Ijyb
  1386 | D:2      | Gained mutation: You can fly. [Tengu growth]
  1386 | D:2      | Reached XP level 5. HP: 32/32 MP: 6/6
  1469 | D:3      | Reached skill level 4 in Dodging
  1471 | D:3      | Killed from afar by an orc wizard

Vault maps used:
D:1:      saegor_arrival_simple_f
D:2:      uniq_jessica, uniq_iyjb
D:3:      grunt_pakellas_salt

Action                   |  1- 3 |  4- 6 || total
-------------------------+-------+-------++-------
Melee: Mace              |    57 |    79 ||   136
Throw: Javelin           |     6 |       ||     6
  Eat: Chunk             |       |     2 ||     2
